Map: Invader LE

Players

Fordorth - Winner!

  • Race: Zerg Zerg
  • League: Gold

Taldarim

  • Race: Protoss Protoss
  • League: Bronze

VOD

Have the link to the VOD?

Description

Time

  • Played on: May 12, 2016, 2:21 a.m.
  • Length: 11:08
Show
View Real Time Build Order
Export as new Build Order

Fordorth Zerg - Winner!

Build Orders: Roach +1 Timing, Hatch First, Zergling Roach Ravager 

Get SALT Encoding   

  12  0:01  Drone  
  13  0:13  Overlord  
  13  0:17  Drone  
  14  0:32  Drone  
  14  0:33  Drone  
  14  0:35  Drone  
  17  0:55  Hatchery  
  16  0:57  Drone  
  17  1:11  Spawning Pool  
  16  1:14  Drone  
  16  1:17  Extractor  
  16  1:19  Drone  
  16  1:22  Drone  
  18  1:29  Drone  
  19  1:39  Overlord  
  19  1:57  Queen  
  19  1:58  Zergling x2  
  19  2:01  Zergling x2  
  23  2:06  Queen  
  23  2:07  Drone  
  26  2:12  Drone  
  27  2:23  Drone x2  
  27  2:29  Metabolic Boost, Drone  
  30  2:33  Drone  
  31  2:39  Drone  
  32  2:55  Queen  
  34  3:00  Overlord  
  34  3:01  Hatchery  
  34  3:03  Drone  
  34  3:05  Drone  
  35  3:07  Drone  
  36  3:17  Overlord  
  36  3:19  Drone x3  
  39  3:22  Drone  
  39  3:24  Drone  
  39  3:26  Drone  
  42  3:28  Drone  
  42  3:30  Drone  
  44  3:34  Extractor  
  44  3:37  Drone x2  
  44  3:39  Extractor  
  44  3:48  Drone x5  
  47  3:49  Drone  
  47  3:55  Drone x2  
  52  4:03  Roach Warren  
  52  4:05  Evolution Chamber  
  52  4:08  Drone  
  51  4:10  Evolution Chamber  
  51  4:13  Drone x2  
  52  4:21  Drone x4  
  52  4:22  Drone x2  
  58  4:26  Overlord  
  58  4:30  Zerg Missile Weapons Level 1  
  58  4:35  Zerg Ground Armor Level 1  
  58  4:39  Lair  
  58  4:44  Zergling x4, Roach  
  62  4:46  Roach  
  64  4:54  Drone x2  
  64  4:58  Overlord x2  
  66  5:00  Extractor, Drone  
  66  5:01  Extractor  
  66  5:02  Drone  
  66  5:16  Overlord x3  
  66  5:17  Drone x2  
  66  5:18  Roach x4  
  76  5:22  Ravager x2  
  76  5:23  Drone  
  76  5:24  Drone x2  
  76  5:25  Drone  
  82  5:34  Roach x3  
  82  5:35  Roach x2  
  92  5:37  Roach  
  92  5:39  Drone  
  95  5:47  Drone x2  
  95  5:48  Drone  
  98  5:51  Pneumatized Carapace  
  98  5:54  Glial Reconstitution  
  98  6:04  Roach x4  
  106  6:09  Overlord  
  106  6:18  Overlord x3  
  106  6:27  Queen  
  106  6:29  Drone  
  106  6:30  Overlord  
  106  6:31  Roach x2  
  106  6:32  Zerg Missile Weapons Level 2  
  113  6:33  Zerg Ground Armor Level 2  
  113  6:36  Ravager x2  
  94  7:19  Roach x2  
  94  7:20  Roach x6  
  94  7:21  Zergling x6, Roach x4  
  94  7:22  Zergling x6  
  101  7:49  Ravager x4  
  104  7:54  Roach x3  
  104  7:55  Roach x4  
  104  7:56  Overlord  
  104  7:57  Overlord  
  120  7:58  Roach x3  
  120  7:59  Roach x2  
  128  8:25  Roach x2  
  128  8:26  Zergling x8, Roach x3  
  128  8:27  Zergling x2, Roach  
  145  8:36  Overlord  
  145  8:54  Queen x3  
  151  8:59  Hatchery  
  136  9:47  Zergling x6, Roach x2  
  136  9:48  Zergling x6, Roach x4  
Show
View Real Time Build Order
Export as new Build Order

Taldarim Protoss 

Build Orders: 1 Gate Expand, Double Forge, Blink Stalkers 

Get SALT Encoding   

  12  0:01  Probe (Chrono Boost)  
  13  0:11  Probe (Chrono Boost)  
  14  0:19  Pylon  
  14  0:22  Probe (Chrono Boost)  
  15  0:37  Gateway, Probe (Chrono Boost)  
  17  0:50  Probe (Chrono Boost)  
  17  1:08  Nexus  
  17  1:16  Probe (Chrono Boost)  
  18  1:19  Assimilator  
  18  1:26  Cybernetics Core  
  18  1:30  Probe (Chrono Boost)  
  19  1:39  Assimilator  
  19  1:40  Probe (Chrono Boost)  
  20  1:51  Probe (Chrono Boost)  
  21  1:54  Pylon  
  21  2:05  Warp Gate  
  22  2:08  Probe (Chrono Boost)  
  22  2:17  Stalker  
  22  2:19  Probe (Chrono Boost)  
  25  2:29  Probe (Chrono Boost)  
  26  2:32  Probe (Chrono Boost)  
  27  2:40  Mothership Core (Chrono Boost)  
  27  2:43  Probe (Chrono Boost)  
  30  2:45  Assimilator  
  30  2:52  Stalker  
  30  2:53  Probe (Chrono Boost)  
  33  3:04  Gateway, Probe (Chrono Boost)  
  34  3:06  Twilight Council  
  33  3:13  Pylon  
  33  3:19  Probe (Chrono Boost)  
  34  3:25  Gateway  
  34  3:27  Probe (Chrono Boost)  
  35  3:30  Sentry  
  37  3:37  Probe (Chrono Boost)  
  38  3:48  Probe (Chrono Boost)  
  39  3:53  Assimilator  
  39  3:55  Blink  
  39  4:08  Probe (Chrono Boost)  
  40  4:14  Stalker  
  40  4:15  Stalker  
  44  4:19  Probe (Chrono Boost)  
  44  4:21  Robotics Facility  
  44  4:23  Gateway  
  45  4:29  Probe (Chrono Boost)  
  46  4:32  Sentry  
  48  4:40  Probe (Chrono Boost)  
  49  4:47  Forge  
  49  4:50  Zealot, Probe (Chrono Boost), Forge  
  52  4:58  Zealot  
  54  5:04  Pylon  
  54  5:06  Pylon  
  54  5:19  Pylon, Protoss Ground Weapons Level 1  
  54  5:23  Protoss Ground Armor Level 1, Observer  
  54  5:25  Zealot x2  
  59  5:34  Probe (Chrono Boost)  
  60  5:41  Zealot  
  60  5:42  Sentry  
  64  5:49  Warp Prism (Chrono Boost)  
  66  5:53  Probe (Chrono Boost)  
  66  5:56  Charge  
  67  6:01  Gateway  
  67  6:04  Photon Cannon  
  67  6:08  Probe (Chrono Boost)  
  68  6:24  Sentry x2  
  68  6:25  Immortal (Chrono Boost), Sentry  
  78  6:48  Pylon  
  78  6:50  Pylon  
  74  7:06  Stalker x5  
  58  7:36  Gateway  
  58  7:38  Gateway  
  58  7:40  Gateway, Immortal (Chrono Boost)  
  62  8:04  Zealot x2  
  66  8:06  Zealot  
  64  8:14  Immortal (Chrono Boost)  
  64  8:17  Nexus  
  64  8:20  Pylon  
  60  8:31  Stalker x2  
  64  8:34  Stalker  
  66  8:42  Assimilator  
  66  8:44  Assimilator  
  66  8:48  Zealot, Warp Prism (Chrono Boost)  
  68  8:49  Pylon  
  68  8:51  Probe  
  68  8:52  Pylon  
  63  9:15  Stalker x3  
  63  9:16  Stalker  
  53  9:26  Stalker  
  53  9:28  Zealot  
  40  9:41  Stalker x2  
  40  9:43  Sentry  
  30  9:57  Zealot  
  32  10:13  Stalker  
  17  10:30  Zealot  
  17  10:32  Zealot  
  7  10:51  Zealot  
Tags
 
Add a new tag
Caveats
  • Supply blocks, unpowered buildings, or Contaminate may cause inaccurate times.
  • Supply counts are checked every 10 seconds.